 Dungeon Crawl Stone Soup version 0.29.1-2-gbd0b4ee654 (webtiles) character file.

Game seed: 3993386019832429295

2334 Tirrikindir the Sneak (level 9, -1/61 HPs)
             Began as an Octopode Hedge Wizard on Oct 27, 2022.
             Was an Initiate of Ashenzari.
             Slain by a wyvern (3 damage)
             ... on level 7 of the Dungeon.
             The game lasted 00:22:07 (9640 turns).

Tirrikindir the Sneak (Octopode Hedge Wizard)       Turns: 9640, Time: 00:22:08

Health: -1/61      AC:  1    Str: 10    XL:     9   Next: 42%
Magic:  0/18       EV: 15    Int: 18    God:    Ashenzari [......]
Gold:   280        SH:  0    Dex: 15    Spells: 14/20 levels left

rFire   + + .      SeeInvis .   v - +1 spear "Otsowodoa" {flame, rN+ Dex+2}
rCold   + . .      Faith    .   (no shield)
rNeg    + . .      Spirit   +   b - +0 hat "Sidereal Vision" {Elem, Alch} (curse)
rPois   .          Reflect  .   t - amulet of guardian spirit
rElec   .          Harm     .   d - ring of willpower
rCorr   .          Rampage  .   g - ring of protection from cold
Will    ++...                   w - ring of wizardry
Stlth   ++++......              j - ring of protection from fire
HPRegen 0.20/turn               (no ring)
MPRegen 0.16/turn               (no ring)
                                (no ring)
                                (no ring)

@: no status effects
A: almost no armour, amphibious, 8 rings, camouflage 1, gelatinous body 1,
(nimble swimmer 1), tentacles, fire resistance 1, strong-willed 1, mutation
resistance 1
a: Renounce Religion, Shatter the Chains


You were on level 7 of the Dungeon.
You worshipped Ashenzari.
Ashenzari was noncommittal.
You visited 2 branches of the dungeon, and saw 8 of its levels.

You collected 412 gold pieces.
You spent 132 gold pieces at shops.

Inventory:

Hand Weapons
 v - the +1 spear "Otsowodoa" (weapon) {flame, rN+ Dex+2}
   (You found it on level 6 of the Dungeon)

   It burns those it strikes, dealing additional fire damage.
   Dex:       It affects your dexterity (+2).
   rN:        It protects you from negative energy.
Armour
 b - the cursed +0 hat "Sidereal Vision" (worn) {Elem, Alch}

   It has a curse which improves the following skills: Elements: Fire Magic, Ice
   Magic, Air Magic and Earth Magic.
   Alchemy:   Poison Magic and Transmutations.
Jewellery
 d - a ring of willpower (left tentacle)
 g - a ring of protection from cold (right tentacle)
 h - a ring of ice
 j - a ring of protection from fire (on tentacle)
 t - an amulet of guardian spirit (around mantle)
 w - a ring of wizardry (on tentacle)
Wands
 l - a wand of flame (12)
Scrolls
 a - a scroll of brand weapon
 f - 3 scrolls of enchant armour
 i - 2 scrolls of silence
 n - a scroll of teleportation
 p - 2 scrolls of magic mapping
 q - a scroll of immolation
 x - a scroll of vulnerability {unknown}
Potions
 c - a potion of magic
 e - 3 potions of ambrosia
 k - a potion of brilliance
 m - a potion of haste
 o - 3 potions of curing
 r - 2 potions of flight
 s - 2 potions of degeneration {unknown}
 u - a potion of might


   Skills:
 + Level 5.3 Fighting
 - Level 5.0 Dodging
 - Level 6.0 Stealth
 - Level 6.0 Spellcasting
 - Level 4.0 Conjurations
 - Level 1.0 Summonings
 - Level 4.0 Translocations
 + Level 1.4(1.8) Air Magic
 + Level 1.7(2.1) Poison Magic
 - Level 4.0 Evocations


You had 14 spell levels left.
You knew the following spells:

 Your Spells              Type           Power      Damage    Failure   Level
a - Magic Dart            Conj           76%        1d6       1%          1
b - Blink                 Tloc           38%        N/A       1%          2
c - Mephitic Cloud        Conj/Pois/Air  14%        N/A       4%          3

Your spell library contained the following spells:

 Spells                   Type           Power      Damage    Failure   Level
 Static Discharge         Conj/Air       15%        3-5/arc   2%          2
 Gell's Gravitas          Tloc           19%        N/A       2%          3
 Teleport Other           Tloc           19%        N/A       2%          3
 Slow                     Hex            20%        N/A       4%          1
 Call Imp                 Summ           9%         N/A       4%          2
 Conjure Flame            Conj/Fire      12%        6-21      6%          3
 Ignite Poison            Fire/Tmut/Pois 8%         N/A       11%         3
 Sticky Flame             Conj/Fire      12%        2d4       21%         4
 Dispel Undead            Necr           5%         3d7       41%         4
 Dispersal                Tloc           9%         N/A       77%         6


Dungeon Overview and Level Annotations

Branches:
Dungeon (7/15)             Temple (1/1) D:5

Altars:
Ashenzari
Cheibriados
Dithmenos
Elyvilon
Fedhas
Hepliaklqana
Kikubaaqudgha
Nemelex Xobeh
Okawaru
Ru
Sif Muna
Trog
Uskayaw
Vehumet
Wu Jian
Xom
Yredelemnul
Zin
The Shining One

Shops:
D:4 *

Portals:
Bailey: D:7


Innate Abilities, Weirdness & Mutations

You cannot wear most types of armour.
You are amphibious.
You can wear up to eight rings at the same time.
Your skin changes colour to match your surroundings (Stealth+).
Your rubbery body absorbs attacks. (AC +1, EV +1)
((You are camouflaged when in or above water. (Stealth+)))
You have tentacles for arms and can constrict up to eight enemies at once.
Your flesh is heat resistant. (rF+)
You are strong-willed. (Will+)
You are somewhat resistant to further mutation.


Message History

The goblin barely misses you.
You closely miss the goblin. Your grab misses the goblin.
You squeeze the goblin, but do no damage.
The goblin barely misses you. The goblin hits you with a +0 spear.
* * * LOW HITPOINT WARNING * * *
You barely miss the goblin. You grab the goblin. You constrict the goblin.
You kill the goblin!
The goblin misses you. The goblin closely misses you.
Things that are here:
a +0 spear; a ring of wizardry; 12 gold pieces You hit the goblin.
You burn the goblin. Your grab misses the goblin. You squeeze the goblin.
You kill the goblin!
A goblin comes into view. It is wielding a +0 spear.
Reach: v) +1 spear "Otsowodoa" {flame, rN+ Dex+2}
Press: ? - help, Dir - move target, f/p - wyvern
Aim: a wyvern (moderately wounded, wandering, hasn't noticed you, about 36% to evade the +1 spear "Otsowodoa")
You reach to attack!
The wyvern hisses angrily.
You hit the wyvern. You burn the wyvern.
The wyvern is moderately wounded.
The wyvern misses you.
You barely miss the wyvern. Your squeeze misses the wyvern.
The wyvern is moderately wounded.
The wyvern bites you.
* * * LOW HITPOINT WARNING * * *
You feel better. The wyvern completely misses you. The wyvern bites you!
* * * LOW HITPOINT WARNING * * *
You hit the wyvern but do no damage. You squeeze the wyvern.
The wyvern is heavily wounded.
You hear the faint creaking of a portcullis very nearby.
The wyvern bites you.
* * * LOW HITPOINT WARNING * * *
The goblin hits you but does no damage.
You barely miss the wyvern. You squeeze the wyvern.
The wyvern is severely wounded.
The wyvern hisses menacingly.
The wyvern bites you.
You die...

...............
...............
...........≈≈≈≈≈
.........)≈.>.≈
.l.......g≈.∩.~ .. .
###......$..≈...≈ .......
...........≈≈≈≈≈
.......#.####.####.........
...............l@.g......###
.......##.####..)).)......#
...............####.......#
......#........# #.......#
...............# ##.....##
...............# ##.!.##
...............# ####
##.....)......#
#.........#####


You could see a wyvern and a goblin.

Vanquished Creatures
  Grinder (D:3)
  2 steam dragons (D:6)
  An orc warrior (D:6)
  An ice beast (D:6)
  2 sky beasts
  A black bear (D:6)
  An ogre (D:4)
  A centaur (D:6)
  A kobold brigand (D:6)
  2 phantoms
  2 bullfrogs (D:7)
  A necrophage (D:5)
  2 scorpions
  2 jellies
  4 hounds
  A gnoll bouda (D:3)
  2 orc priests (D:4)
  2 iguanas
  2 orc wizards
  3 hound zombies (D:4)
  Robin (D:4)
  3 gnolls (D:3)
  12 adders
  A white imp (D:6)
  4 ufetubi
  5 adder zombies (D:4)
  2 adder skeletons (D:4)
  3 worms
  3 dart slugs
  21 orcs
  7 ball pythons
  5 bats
  5 endoplasms
  2 giant cockroaches
  11 hobgoblins
  2 jackals (D:3)
  15 kobolds
  2 quokkas
  7 frilled lizards
  12 goblins
  A jackal zombie (D:4)
  A quokka zombie (D:4)
  8 rats
167 creatures vanquished.

Vanquished Creatures (others)
  A plant (D:2)
  6 withered plants (D:4)
7 creatures vanquished.

Grand Total: 174 creatures vanquished

Notes
Turn   | Place    | Note
-------+----------+-------------------------------------------
     0 | D:1      | Tirrikindir the Octopode Hedge Wizard began the quest for
                  | the Orb.
     0 | D:1      | Reached XP level 1. HP: 11/11 MP: 4/4
   238 | D:1      | Reached XP level 2. HP: 17/18 MP: 1/6
   824 | D:1      | Reached XP level 3. HP: 11/22 MP: 7/7
  1275 | D:2      | Reached skill level 1 in Fighting
  1559 | D:2      | Learned a level 2 spell: Blink
  1812 | D:2      | Found an ancient bone altar of Kikubaaqudgha.
  1994 | D:2      | Reached XP level 4. HP: 19/28 MP: 9/9
  2336 | D:3      | Noticed Grinder
  2354 | D:3      | Killed Grinder
  2355 | D:3      | Reached XP level 5. HP: 9/34 MP: 8/10
  2355 | D:3      | Reached XP level 6. HP: 11/39 MP: 8/11
  2640 | D:3      | Gained mutation: Your flesh is heat resistant. (rF+)
                  | [potion of mutation]
  2640 | D:3      | Gained mutation: You are strong-willed. (Will+) [potion of
                  | mutation]
  2640 | D:3      | Gained mutation: You are somewhat resistant to further
                  | mutation. [potion of mutation]
  3339 | D:3      | Found a hide-covered altar of Uskayaw.
  4141 | D:3      | Reached skill level 5 in Stealth
  4141 | D:3      | Reached XP level 7. HP: 15/45 MP: 13/13
  4492 | D:4      | Noticed Robin
  4516 | D:4      | Killed Robin
  4727 | D:4      | Found a basalt altar of Yredelemnul.
  4744 | D:4      | Reached skill level 1 in Evocations
  5306 | D:4      | Found Daitoz's General Store.
  5351 | D:4      | Bought a scroll of identify for 22 gold pieces
  5351 | D:4      | Bought a scroll of identify for 22 gold pieces
  5351 | D:4      | Bought 2 scrolls of identify for 44 gold pieces
  5351 | D:4      | Bought a potion of might for 44 gold pieces
  6169 | D:5      | Entered Level 5 of the Dungeon
  6176 | D:5      | Reached XP level 8. HP: 54/54 MP: 12/14
  6934 | D:5      | Found a sparkling altar of Nemelex Xobeh.
  7051 | D:5      | Found a staircase to the Ecumenical Temple.
  7060 | Temple   | Entered the Ecumenical Temple
  7138 | Temple   | Became a worshipper of Ashenzari the Shackled
  7356 | D:5      | Found an ornate altar of the Wu Jian Council.
  8034 | D:6      | Reached skill level 5 in Fighting
  8105 | D:6      | Reached skill level 5 in Spellcasting
  8115 | D:6      | Reached XP level 9. HP: 21/61 MP: 3/16
  8372 | D:6      | Reached skill level 5 in Dodging
  8571 | D:6      | Found an ancient bone altar of Kikubaaqudgha.
  8746 | D:6      | Identified the +1 spear "Otsowodoa" {flame, rN+ Dex+2}
  9050 | D:6      | Learned a level 3 spell: Mephitic Cloud
  9568 | D:7      | Reached skill level 1 in Poison Magic
  9573 | D:7      | Reached skill level 1 in Air Magic
  9586 | D:7      | HP: 3/61 [bullfrog (2)]
  9620 | D:7      | Found a flagged portal.
  9639 | D:7      | HP: 2/61 [wyvern (3)]
  9640 | D:7      | Slain by a wyvern

Illustrated notes

Levels and vault maps discovered:
D:1:      dpeg_arrival_line_fractal, layout_basic, minmay_misc_feat_room,
          minmay_distorted
D:2:      layout_rooms, basic_altar, serial_bayou_pond_b
D:3:      minmay_recursive_quarters, layout_basic,
          nicolae_overflow_crystal_walls, uniq_grinder
D:4:      layout_layer_cave, yredelemnul_altar_generic, serial_undead,
          serial_undead_a, serial_undead_c, serial_undead_b, serial_undead_f,
          serial_undead_e, serial_shops, nicolae_shop_trees, uniq_robin
D:5:      layout_loops_corners, mainiacjoe_overflow_24_doors,
          lemuel_crystal_altar, minmay_temple_entry_fiery,
          hangedman_abyss_or_decor_stabs, minivault_25
D:6:      cheibrodos_thug_alley, layout_basic, marbit_many_paths
D:7:      layout_rooms, enter_bailey_5
Temple:   compressed_dpeg_circular_temple

Skill      XL: |  1  2  3  4  5  6  7  8  9 |
---------------+----------------------------+-----
Stealth        | 3 4 5 6 |  6.0
Fighting       | 1 2 3 5 |  5.3
Dodging        | 3 4 5 |  5.0
Conjurations   | 2 3 4 |  4.0
Spellcasting   | 4 5 6 |  6.0
Evocations     | 2 3 4 |  4.0
Translocations | 2 3 4 |  4.0
Poison Magic   | 1 |  1.7
Air Magic      | 1 |  1.4
Summonings     | |  1.0

Action                   |  1- 3 |  4- 6 |  7- 9 || total
-------------------------+-------+-------+-------++-------
Melee: Dagger            |    90 |    67 |       ||   157
       Tentacles         |    16 |    16 |    60 ||    92
       Constrict         |    20 |    14 |    58 ||    92
       Punch             |     4 |     3 |     5 ||    12
       Flail             |       |    24 |   253 ||   277
       Spear             |       |       |    48 ||    48
 Cast: Magic Dart        |     8 |     5 |    21 ||    34
       Blink             |     1 |       |       ||     1
       Mephitic Cloud    |       |       |     3 ||     3
Invok: Curse Item        |       |       |     1 ||     1
  Use: Scroll            |     3 |     1 |    11 ||    15
       Potion            |       |     4 |     4 ||     8
 Stab: Sleeping          |     9 |     4 |    20 ||    33
       Confused          |       |       |     2 ||     2
Armor: Skin              |     8 |    20 |   102 ||   130
Dodge: Dodged            |    53 |    59 |   298 ||   410
